 Dungeon Crawl Stone Soup version 0.29.1-12-g30fa7ad0bf (webtiles) character file.

Game seed: 2614608791770772274

639 croobank the Conjurer (level 7, -12/53 HPs)
             Began as a Demonspawn Conjurer on Jan 19, 2023.
             Shot with an arrow by a centaur (14 damage)
             ... on level 5 of the Dungeon.
             The game lasted 00:16:18 (5811 turns).

croobank the Conjurer (Demonspawn Conjurer)         Turns: 5811, Time: 00:16:18

Health: -12/53     AC:  3    Str:  7    XL:     7   Next: 25%
Magic:  7/12       EV: 12    Int: 22    God:
Gold:   208        SH:  4    Dex: 11    Spells: 2/12 levels left

rFire   . . .      SeeInvis .   j - staff of conjuration
rCold   . . .      Faith    .   (no shield)
rNeg    . . .      Spirit   .   a - +1 robe
rPois   .          Reflect  .   (no helmet)
rElec   .          Harm     .   (no cloak)
rCorr   .          Rampage  .   (no gloves)
Will    .....                   (no boots)
Stlth   ++........              (no amulet)
HPRegen 0.17/turn               p - ring of wizardry
MPRegen 0.13/turn               (no ring)

@: no status effects
A: large bone plates 1, spiny 2, demonic touch 1
a: no special abilities


You were on level 5 of the Dungeon.
You visited 1 branch of the dungeon, and saw 5 of its levels.

You collected 208 gold pieces.

Inventory:

Hand Weapons
 f - a +0 dagger
 l - a +0 short sword
 m - a +1 flail
 v - a +0 sling
 x - a +0 long sword
Missiles
 h - 9 boomerangs
 w - 5 javelins
Armour
 a - a +1 robe (worn)
 d - an orb of energy
 u - a +2 ring mail of willpower
Magical Staves
 j - a staff of conjuration (weapon)
Jewellery
 p - a ring of wizardry (left hand)
Wands
 b - a wand of flame (25)
 r - a wand of charming (9)
Scrolls
 e - a scroll of enchant armour
 k - a scroll of amnesia
 o - a scroll of enchant weapon
 y - a scroll of summoning {unknown}
Potions
 c - a potion of cancellation
 g - a potion of invisibility
 i - 3 potions of lignification {unknown}
 n - a potion of resistance {unknown}
 q - a potion of might {unknown}
 s - a potion of flight {unknown}
 t - 2 potions of heal wounds {unknown}


   Skills:
 * Level 3.8 Fighting
 + Level 3.2 Dodging
 + Level 3.4 Stealth
 + Level 3.3 Spellcasting
 + Level 5.1 Conjurations
 + Level 2.3 Hexes


You had 2 spell levels left.
You knew the following spells:

 Your Spells              Type           Power      Damage    Failure   Level
a - Magic Dart            Conj           100%       1d8       1%          1
b - Searing Ray           Conj           78%        2d7       1%          2
c - Dazzling Flash        Conj/Hex       60%        N/A       3%          3
d - Fulminant Prism       Conj/Hex       15%        3d11      11%         4

Your spell library contained the following spells:

 Spells                   Type           Power      Damage    Failure   Level
 Iskenderun's Mystic Bla  Conj/Tloc      22%        2d6       16%         4


Dungeon Overview and Level Annotations

Branches:
Dungeon (5/15)
 Temple: D:4-7

Altars:
Dithmenos
Yredelemnul

Shops:
D:4 =

Annotations:
D:3 2 transporters


Innate Abilities, Weirdness & Mutations

You are partially covered in large bone plates. (SH +4)
You are mostly covered in sharp spines.
Your touch may inflict minor irresistible damage on your foes.


Message History

(Press . to maintain the ray.)
The searing ray hits the orc.
The orc is almost dead.
The searing ray hits the orc.
You kill the orc!
You start resting.
Magic restored.
Items here: )) [[ ††.
y - a scroll labelled FAM LUHOMN A centaur comes into view.
The centaur wields a +0 shortbow.
The centaur shoots an arrow.
The arrow hits you!
The centaur shoots an arrow.
The arrow misses you.
The centaur shoots an arrow.
The arrow hits you!
Casting: Searing Ray (safe; 1% risk of failure)
Confirm with . or Enter, or press ? or * to list all spells.
You can't see any susceptible monsters within range! (Use Z to cast anyway.)
The centaur shoots an arrow.
The arrow hits you!
The centaur shoots an arrow.
The arrow hits you!
* * * LOW HITPOINT WARNING * * *
Casting: Searing Ray (safe; 1% risk of failure)
Confirm with . or Enter, or press ? or * to list all spells.
Aiming: Searing Ray (safe; 1% risk of failure)
Press: ? - help, Shift-Dir - straight line, f - centaur
Aim: a centaur, wielding a +0 shortbow (88% to hit)
You feel a surge of power!
The searing ray hits the centaur.
The centaur is lightly wounded. (Press . to maintain the ray.)
Casting: Searing Ray (safe; 1% risk of failure)
Confirm with . or Enter, or press ? or * to list all spells.
Casting: Dazzling Flash (dangerous; 3% risk of failure)
Press: ? - help, Dir - look around, f - activate You feel a surge of power!
The centaur shoots an arrow.
The arrow hits you!
* * * LOW HITPOINT WARNING * * *
The centaur shoots an arrow.
The arrow barely misses you.
Aiming: Charm
Press: ? - help, Shift-Dir - straight line, f - centaur
Aim: a centaur, wielding a +0 shortbow (lightly wounded, chance to affect: 49%)
The centaur resists with some effort.
The centaur shoots an arrow.
The arrow hits you!
You die...

.. ... .# ... ...#####.
.. ... ......... .###.
..............# .....
.......c#..... ....
........#....# ..#.
........#....# #.#.
#....@#....# #.#.
#.....#....########)#.
##?....##.#....[.....##
..'..........#####.##...
###..........# #.##..#
#.#####.#.#.# #.....# #.
#.#.#.#####.##### #
#........##.#####
..........)........


You could see a centaur.

Vanquished Creatures
  Duvessa (D:5)
  A black bear (D:4)
  A necrophage (D:4)
  Dowan (D:5)
  2 hounds (D:4)
  An iguana (D:5)
  3 orc wizards
  8 gnolls
  2 adders (D:3)
  3 worms
  3 dart slugs
  6 orcs
  7 ball pythons
  5 bats
  An endoplasm (D:1)
  A giant cockroach (D:2)
  5 goblins
  8 hobgoblins
  5 quokkas
  4 frilled lizards
  10 kobolds
  4 rats
82 creatures vanquished.

Notes
Turn   | Place    | Note
-------+----------+-------------------------------------------
     0 | D:1      | croobank the Demonspawn Conjurer began the quest for the
                  | Orb.
     0 | D:1      | Reached XP level 1. HP: 13/13 MP: 3/3
   566 | D:1      | Gained mutation: Your touch may inflict minor irresistible
                  | damage on your foes. [demonic ancestry]
   566 | D:1      | Reached XP level 2. HP: 19/19 MP: 1/5
   712 | D:1      | Learned a level 2 spell: Searing Ray
  1642 | D:2      | Gained mutation: You are partially covered in sharp spines.
                  | [demonic ancestry]
  1642 | D:2      | Reached XP level 3. HP: 24/24 MP: 3/6
  1675 | D:2      | Learned a level 3 spell: Dazzling Flash
  1747 | D:2      | Found a faded altar of an unknown god.
  2242 | D:2      | Reached skill level 1 in Fighting
  2805 | D:4      | Gained mutation: You are mostly covered in sharp spines.
                  | [demonic ancestry]
  2805 | D:4      | Reached XP level 4. HP: 16/32 MP: 1/7
  2839 | D:4      | Reached skill level 1 in Hexes
  3227 | D:3      | Gained mutation: You are partially covered in large bone
                  | plates. (SH +4) [demonic ancestry]
  3227 | D:3      | Reached XP level 5. HP: 15/38 MP: 1/8
  3518 | D:3      | Found a transporter.
  3552 | D:3      | Noticed an ice beast
  3575 | D:3      | Found a basalt altar of Yredelemnul.
  3579 | D:3      | Found a transporter.
  3624 | D:3      | Found a shadowy altar of Dithmenos.
  4230 | D:4      | Noticed a black bear
  4236 | D:4      | Killed a black bear
  4332 | D:4      | Reached XP level 6. HP: 46/46 MP: 5/10
  4603 | D:4      | Learned a level 4 spell: Fulminant Prism
  4729 | D:4      | Found Gaefam's Jewellery Shop.
  5133 | D:5      | Entered Level 5 of the Dungeon
  5202 | D:5      | Noticed Dowan
  5207 | D:5      | Noticed Duvessa
  5216 | D:5      | Killed Duvessa
  5217 | D:5      | Reached skill level 5 in Conjurations
  5217 | D:5      | Reached XP level 7. HP: 28/52 MP: 1/11
  5229 | D:5      | Killed Dowan
  5810 | D:5      | HP: 1/53 [centaur/arrow (11)]
  5811 | D:5      | Shot with an arrow by a centaur

Illustrated notes

Levels and vault maps discovered:
D:1:      roderic_crossed_star, layout_basic, chequers_arboretum
D:2:      layout_rooms, nicolae_ecumenical_pavilion
D:3:      layout_basic, gammafunk_temple_overflow_arena,
          nicolae_dithmenos_shadow_blocks
D:4:      layout_loops_corners, serial_shops, nicolae_shop_advertising_works
          [nicolae_subvault_shop_adworks], amcnicky_mini_pool_small,
          kennysheep_generic_room_9
D:5:      layout_basic, uniq_duvessa

Skill      XL: |  1  2  3  4  5  6 |
---------------+-------------------+-----
Stealth        | 2 3 |  3.4
Dodging        | 2 3 |  3.2
Fighting       | 1 2 3 |  3.8
Hexes          | 1 2 |  2.3
Spellcasting   | 3 |  3.3
Conjurations   | 5 |  5.1

Action                   |  1- 3 |  4- 6 |  7- 9 || total
-------------------------+-------+-------+-------++-------
Melee: Dagger            |    46 |    10 |       ||    56
       Touch             |     6 |     7 |     1 ||    14
       Flail             |       |     1 |       ||     1
       Staff             |       |     5 |     9 ||    14
 Cast: Magic Dart        |    33 |    17 |     5 ||    55
       Searing Ray       |    15 |    16 |     3 ||    34
       Dazzling Flash    |     2 |       |     5 ||     7
Evoke: Wand              |       |       |     1 ||     1
  Use: Potion            |     4 |     1 |       ||     5
       Scroll            |     9 |     2 |     2 ||    13
 Stab: Sleeping          |     2 |       |       ||     2
Armor: Robe              |    17 |     3 |     2 ||    22
Dodge: Dodged            |    47 |    10 |    14 ||    71
Block: Other             |       |     3 |     2 ||     5
